 Dungeon Crawl Stone Soup version 0.22.0-49-gab54619674 (webtiles) character file.

26 IceCat the Charmwright (level 3, 30/31 HPs)
             Began as a Gnoll Skald on Sept 7, 2018.
             Quit the game on level 2 of the Dungeon.
             The game lasted 00:02:10 (979 turns).

IceCat the Charmwright (Gnoll Skald)                 Turns: 979, Time: 00:02:10

Health: 30/31      AC:  6    Str: 19    XL:     3   Next: 8%
Magic:  9/9        EV: 14    Int: 15    God:
Gold:   46         SH:  0    Dex: 14    Spells: 11/12 levels left

rFire    x . .     SeeInvis .   a - +0 hand axe
rCold    + . .     Gourm    .   (no shield)
rNeg     . . .     Faith    .   e - +3 leather armour
rPois    .         Spirit   .   (no helmet)
rElec    .         Reflect  .   (no cloak)
rCorr    .         Harm     .   (no gloves)
MR       .....                  (no boots)
Stlth    +.........             (no amulet)
HPRegen  0.10/turn              g - ring of ice
MPRegen  0.11/turn              i - +5 ring of strength

@: no status effects
A: distributed training, fangs 1, strong nose
a: no special abilities


You were on level 2 of the Dungeon.
You were not hungry.

You visited 1 branch of the dungeon, and saw 2 of its levels.

You collected 46 gold pieces.

Inventory:

Hand Weapons
 a - a +0 hand axe (weapon)
Armour
 b - a +0 leather armour
 e - a +3 leather armour (worn)
Jewellery
 g - a ring of ice (left hand)
 i - a +5 ring of strength (right hand)
Scrolls
 c - 3 scrolls of teleportation {unknown}
 h - a scroll of identify {unknown}
Potions
 f - a potion of lignification {unknown}
 j - a potion of curing {unknown}
 k - a potion of brilliance {unknown}
Comestibles
 d - 3 rations


   Skills:
 + Level 4.5 Fighting
 + Level 0.6 Short Blades
 + Level 0.6 Long Blades
 + Level 4.5 Axes
 + Level 0.6 Maces & Flails
 + Level 0.6 Polearms
 + Level 0.6 Staves
 + Level 0.6 Slings
 + Level 0.6 Bows
 + Level 0.6 Crossbows
 + Level 0.6 Throwing
 + Level 2.5 Armour
 + Level 4.5 Dodging
 + Level 0.6 Stealth
 + Level 0.6 Shields
 + Level 0.6 Unarmed Combat
 + Level 5.0 Spellcasting
 + Level 0.4 Conjurations
 + Level 0.4 Hexes
 + Level 5.4 Charms
 + Level 0.4 Summonings
 + Level 0.4 Necromancy
 + Level 0.4 Translocations
 + Level 0.4 Transmutations
 + Level 0.4 Fire Magic
 + Level 0.4 Ice Magic
 + Level 0.4 Air Magic
 + Level 0.4 Earth Magic
 + Level 0.4 Poison Magic
 + Level 0.8 Invocations
 + Level 0.6 Evocations


You had 11 spell levels left.
You knew the following spells:

 Your Spells              Type           Power        Failure   Level  Hunger
a - Infusion              Chrm           ###.         2%          1    None

Your spell library contained the following spells:

 Spells                   Type           Power        Failure   Level  Hunger
 Song of Slaying          Chrm           ###.....     3%          2    ##.....
 Shroud of Golubria       Chrm/Tloc      ##........   9%          2    ##.....
 Regeneration             Chrm/Necr      ##........   17%         3    ###....
 Spectral Weapon          Hex/Chrm       ##......     17%         3    ###....


Dungeon Overview and Level Annotations

Branches:
Dungeon (2/15)

Altars:


Innate Abilities, Weirdness & Mutations

Your experience applies equally to all skills.
You have very sharp teeth.
Your uncanny sense of smell can sniff out nearby items.


Message History

The leopard gecko hisses angrily.
The ball python hisses angrily.
The leopard gecko completely misses you.
You slash the leopard gecko!
You kill the leopard gecko!
You have reached level 3!
Your experience leads to an increase in your attributes!
Your base attributes are Str 13, Int 15, Dex 14.
Increase (S)trength, (I)ntelligence, or (D)exterity?
You feel stronger.
The ball python bites you but does no damage.
The ball python misses you.
You barely miss the ball python. The ball python bites you.
The ball python grabs you. The ball python constricts you.
You hit the ball python.
You kill the ball python!
Your Spellcasting skill increases to level 5!
No target in view!
No target in view!
Unknown command.
Are you sure you want to abandon this character and quit the game? (Confirm

. .## ... #.
#.# #. ...
#. #.#
#.##†#
#..#@#
#..#.#
#..#.#
#....#####.
#.#.........
#
#.........#
#.........#
#.........#
#.........#


There were no monsters in sight!

Vanquished Creatures
  2 dart slugs (D:1)
  2 leopard geckos
  A ball python (D:2)
  4 hobgoblins (D:1)
  3 bats (D:1)
  4 frilled lizards (D:1)
  A goblin (D:1)
  4 kobolds (D:1)
  A rat (D:1)
22 creatures vanquished.

Notes
Turn   | Place    | Note
-------+----------+-------------------------------------------
     0 | D:1      | IceCat the Gnoll Skald began the quest for the Orb.
     0 | D:1      | Reached XP level 1. HP: 20/20 MP: 6/6
   119 | D:1      | Reached XP level 2. HP: 19/26 MP: 7/7
   976 | D:2      | Reached XP level 3. HP: 31/31 MP: 9/9
   978 | D:2      | Reached skill level 5 in Spellcasting
   979 | D:2      | Quit the game

Skill      XL: |  1  2  3 |
---------------+----------+-----
Spellcasting   | 5 |  5.0
Fighting       | |  4.5
Short Blades   | |  0.6
Long Blades    | |  0.6
Axes           | |  4.5
Maces & Flails | |  0.6
Polearms       | |  0.6
Staves         | |  0.6
Slings         | |  0.6
Bows           | |  0.6
Crossbows      | |  0.6
Throwing       | |  0.6
Armour         | |  2.5
Dodging        | |  4.5
Stealth        | |  0.6
Shields        | |  0.6
Unarmed Combat | |  0.6
Conjurations   | |  0.4
Hexes          | |  0.4
Charms         | |  5.4
Summonings     | |  0.4
Necromancy     | |  0.4
Translocations | |  0.4
Transmutations | |  0.4
Fire Magic     | |  0.4
Ice Magic      | |  0.4
Air Magic      | |  0.4
Earth Magic    | |  0.4
Poison Magic   | |  0.4
Invocations    | |  0.8
Evocations     | |  0.6

Action                   || total
-------------------------++-------
Melee: Hand axe          ||    68
       Bite              ||     5
Armor: Leather armour    ||    22
Dodge: Dodged            ||    59
